 Dungeon Crawl Stone Soup version 0.21-a0-122-g43b3ea6 (webtiles) character file.

270 grindst0ne the Covered (level 6, -1/49 HPs)
             Began as a Formicid Abyssal Knight on July 13, 2017.
             Was a Believer of Lugonu.
             Slain by a killer bee (2 damage)
             ... on level 3 of the Dungeon.
             The game lasted 00:08:18 (3505 turns).

grindst0ne the Covered (Formicid Abyssal Knight)    Turns: 3505, Time: 00:08:19

Health: -1/49      AC: 11    Str: 18    XL:     6   Next: 47%
Magic:  7/7        EV:  7    Int: 12    God:    Lugonu [**....]
Gold:   162        SH:  0    Dex: 10    Spells: 3/5 levels left

rFire    . . .     SeeInvis +   a - +1 hand axe
rCold    . . .     Gourm    .   (no shield)
rNeg     . . .     Faith    .   k - +0 chain mail
rPois    .         Spirit   .   (helmet unavailable)
rElec    .         Reflect  .   t - +0 cloak
rCorr    .         Harm     .   (no gloves)
MR       .....                  (no boots)
Stlth    ..........             (no amulet)
HPRegen  0.16/turn              (no ring)
MPRegen  0.10/turn              (no ring)

@: lethally poisoned (-1 -> -6)
A: permanent stasis, dig shafts and tunnels, four strong arms, antennae 3
a: Dig, Shaft Self, Depart the Abyss, Bend Space, Renounce Religion


You were on level 3 of the Dungeon.
You worshipped Lugonu.
Lugonu was pleased with you.
You were hungry.

You visited 1 branch of the dungeon, and saw 5 of its levels.
You visited the Abyss 1 time.

You collected 162 gold pieces.

Inventory:

Hand Weapons
 a - a +1 hand axe (weapon)
 l - a +1 dagger of pain
Missiles
 r - a throwing net (quivered)
Armour
 b - a +0 leather armour
 e - a +0 plate armour
 k - a +0 chain mail (worn)
 n - a scarf of resistance
 t - a +0 cloak (worn)
Wands
 v - a wand of paralysis (24/24)
Scrolls
 g - a scroll of remove curse
 h - 2 scrolls of identify
 i - a scroll of immolation
 m - 4 scrolls of blinking {unknown}
 o - 4 scrolls of fog {unknown}
 p - 2 scrolls of random uselessness {unknown}
 s - 2 scrolls of magic mapping
Potions
 f - a potion of haste
Books
 j - a book of Changes

   Spells                             Type                      Level
   a - Beastly Appendage              Transmutation                1
   b - Sticks to Snakes               Transmutation                2
   c - Spider Form                    Transmutation/Poison         3
   d - Ice Form                       Ice/Transmutation            4
   e - Blade Hands                    Transmutation                5
 u - a book of Misfortune

   Spells                             Type                      Level
   a - Confusing Touch                Hexes                        1
   b - Confuse                        Hexes                        3
   c - Gell's Gravitas                Translocation                3
   d - Petrify                        Transmutation/Earth          4
   e - Metabolic Englaciation         Hexes/Ice                    5
   f - Yara's Violent Unravelling     Hexes/Transmutation          5
Comestibles
 c - 2 bread rations
 d - 3 royal jellies
 q - 4 chunks of flesh


   Skills:
 + Level 4.6 Fighting
 + Level 3.4 Axes
 * Level 4.9 Armour
 - Level 0.8 Dodging
 * Level 1.2 Transmutations
 + Level 2.3 Invocations


You had 3 spell levels left.
You knew the following spells:

 Your Spells              Type           Power        Failure   Level  Hunger
a - Sticks to Snakes      Tmut           #.......     98%         2    ###....


Dungeon Overview and Level Annotations

Branches:
Dungeon (5/15)
 Temple: D:4-7

Altars:
Uskayaw

Annotations:
D:1 exclusion: downstairs
D:5 Slowdrip's ghost, novice DrTm


Innate Abilities, Weirdness & Mutations

You cannot be hasted, slowed, berserked, paralysed or teleported.
You can dig through walls and to a lower floor.
Your four strong arms can wield two-handed weapons with a shield.
You have a pair of large antennae on your head. (SInv)


Message History

The killer bee stings you but does no damage.
You miss the killer bee.
The killer bee is severely wounded.
You feel sick. The killer bee stings you! The killer bee stings you.
* * * LOW HITPOINT WARNING * * *
You closely miss the killer bee.
The killer bee is severely wounded.
The killer bee stings you.
* * * LOW HITPOINT WARNING * * *
The killer bee stings you.
* * * LOW HITPOINT WARNING * * *
You are lethally poisoned!
The killer bee poisons you!
Your chain mail prevents you from hitting the killer bee.
The killer bee is severely wounded.
* * * LOW HITPOINT WARNING * * *
You feel sick. The killer bee stings you.
* * * LOW HITPOINT WARNING * * *
The killer bee stings you.
You die...

.......#...#
...........######
.<.........{....#
(..........#....#
.........#...####
...........###
........[..######
..........{...#y##
.........#...y{#@#
.........##.#.####
.........#)#.#####
.................#
........{..#.....#
.........#.##....#
.................#
.........####....#
#........# ....#


You could see a killer bee.

Vanquished Creatures
  A hound (D:4)
  Jessica (D:2)
  An iguana (D:4)
  A worker ant (D:4)
  4 adders
  3 gnolls (D:3)
  4 dart slugs
  3 leopard geckos
  6 orcs (D:4)
  2 ball pythons (D:4)
  5 bats
  6 giant cockroaches
  8 goblins
  18 hobgoblins
  3 jackals (D:1)
  6 kobolds
  A quokka (D:4)
  2 frilled lizards
  A jackal skeleton (D:4)
  5 rats
81 creatures vanquished.

Notes
Turn   | Place    | Note
-------+----------+-------------------------------------------
     0 | Abyss:1  | grindst0ne the Formicid Abyssal Knight began the quest for the Orb.
     0 | Abyss:1  | Reached XP level 1. HP: 18/18 MP: 2/2
    68 | Abyss:1  | Noticed a ynoxinul
    92 | D:1      | Escaped the Abyss
   245 | D:1      | Reached XP level 2. HP: 21/24 MP: 3/3
   322 | D:1      | Reached * piety under Lugonu
   389 | D:1      | Reached XP level 3. HP: 25/29 MP: 4/4
   713 | D:1      | You fall through a shaft!
   830 | D:1      | Learned a level 2 spell: Sticks to Snakes
   965 | D:2      | Reached XP level 4. HP: 33/37 MP: 5/5
  1292 | D:2      | Found a hide-covered altar of Uskayaw.
  1367 | D:2      | Reached ** piety under Lugonu
  1625 | D:2      | Noticed Jessica
  1631 | D:2      | Killed Jessica
  1631 | D:2      | Reached XP level 5. HP: 38/42 MP: 6/6
  2018 | D:3      | You fall through a shaft for 2 floors!
  2018 | D:5      | Entered Level 5 of the Dungeon
  2250 | D:5      | Noticed Slowdrip's ghost (novice DrTm)
  2504 | D:4      | Reached XP level 6. HP: 46/49 MP: 7/7
  2921 | D:4      | Reached skill level 1 in Transmutations
  3505 | D:3      | HP: 1/49 [killer bee (4)]
  3505 | D:3      | Slain by a killer bee

Vault maps used:
D:1:      eino_arrival_water_star
D:2:      kennysheep_six_static_rooms, marbit_many_paths,
          kennysheep_generic_room_6, uniq_jessica
D:4:      roderic_three_in_a_row, solitary_fountain
D:5:      first_bread

Skill      XL: |  1  2  3  4  5  6 |
---------------+-------------------+-----
Armour         | 3 4 |  4.9
Fighting       | 4 |  4.6
Axes           | 3 |  3.4
Transmutations | 1 |  1.2
Dodging        | |  0.8
Invocations    | |  2.3

Action                   |  1- 3 |  4- 6 || total
-------------------------+-------+-------++-------
Melee: Hand axe          |   116 |   225 ||   341
Invok: Depart the Abyss  |     1 |       ||     1
 Abil: Dig               |       |     4 ||     4
       Shaft Self        |       |     1 ||     1
  Use: Scroll            |     3 |     2 ||     5
       Potion            |       |     3 ||     3
  Eat: Chunk             |       |     9 ||     9
Armor: Plate armour      |    97 |    99 ||   196
       Chain mail        |       |    53 ||    53
Dodge: Dodged            |    33 |    76 ||   109
